 Dungeon Crawl Stone Soup version 0.30-a0-137-gd8773701ce (webtiles) character file.

Game seed: 17725241818121336362

140 themarg the Magician (level 5, -5/35 HPs)
             Began as a Djinni Fire Elementalist on Sept 22, 2022.
             Shot with an arrow by a centaur (7 damage)
             ... on level 3 of the Dungeon.
             The game lasted 00:08:06 (2479 turns).

themarg the Magician (Djinni Fire Elementalist)     Turns: 2479, Time: 00:08:07

Health: -5/35      AC:  3    Str:  7    XL:     5   Next: 46%
Gold:   124        EV: 12    Int: 18    God:
                   SH:  4    Dex: 14

rFire   + + .      SeeInvis .    h - +0 dagger
rCold   x . .      Faith    .    (no shield)
rNeg    . . .      Spirit   .    a - +0 robe
rPois   ∞          Reflect  .    (no helmet)
rElec   .          Harm     .    (no cloak)
rCorr   .          Rampage  .    o - +0 pair of gloves
Will    .....      Clarity  +    (boots unavailable)
Stlth   ++........               c - amulet of the acrobat
HPRegen 0.11/turn                (no ring)
MPRegen 0.00/turn                (no ring)

@: flying
A: sickness immunity, fire resistance 2, cold vulnerability 1, float, innate
caster, HP casting, extra vitality 1, large bone plates 1, clarity,
deterioration 1
a: no special abilities


You were on level 3 of the Dungeon.
You visited 1 branch of the dungeon, and saw 3 of its levels.

You collected 124 gold pieces.

Inventory:

Hand Weapons
 g - a +0 spear
 h - a +0 dagger (weapon)
Missiles
 k - 5 poisoned darts
Armour
 a - a +0 robe (worn)
 o - a +0 pair of gloves (worn)
Jewellery
 b - a ring of fire
 c - an amulet of the acrobat (around neck)
Wands
 l - a wand of polymorph (5)
Scrolls
 e - a scroll of vulnerability {unknown}
 j - a scroll of identify {unknown}
 m - a scroll of teleportation {unknown}
 n - 2 scrolls of magic mapping {unknown}
 r - a scroll of summoning {unknown}
Potions
 d - 2 potions of curing
 i - a potion of flight {unknown}
 p - a potion of heal wounds {unknown}


   Skills:
 + Level 0.1 Short Blades
 - Level 2.3 Dodging
 + Level 2.1 Stealth
 + Level 4.2 Spellcasting


You couldn't memorise any spells.
You knew the following spells:

 Your Spells              Type           Power      Damage    Failure   Level
a - Foxfire               Conj/Fire      76%        2x1d7     2%          1
b - Scorch                Fire           38%        2d6       3%          2
c - Kindle Blastsparks    Fire/Tloc/Air  38%        2d13      8%          3
d - Inner Flame           Hex/Fire       19%        N/A       8%          3
e - Flame Wave            Conj/Fire      19%        2d7       26%         4
f - Slow                  Hex            76%        N/A       2%          1
g - Passwall              Tmut/Erth      15%        N/A       3%          2
Your spell library was empty.

Dungeon Overview and Level Annotations

Branches:
Dungeon (3/15)

Altars:

Shops:
D:2 [


Innate Abilities, Weirdness & Mutations

You are immune to sickness and miasma.
You are immune to poison.
Your flesh is very heat resistant. (rF++)
You are vulnerable to cold. (rC-)
You float through the air rather than walking.
You learn spells naturally, not from books.
Your magical power is your life essence.
You have superior vitality. (+4 MHP)
You are partially covered in large bone plates. (SH +4)
You possess an exceptional clarity of mind.
Your body sometimes deteriorates upon taking damage.


Message History

The foxfire hits the worm!
You kill the worm!
You see here a worm corpse.
Found a stone staircase leading down.
There is a stone staircase leading down here.
A giant cockroach comes into view.
Casting: Foxfire (safe; 2% risk of failure)
Confirm with . or Enter, or press ? or * to list all spells.
You conjure some foxfire!
The foxfire hits the giant cockroach.
You kill the giant cockroach!
Your foxfire dissipates!
A centaur comes into view.
Casting: Foxfire (safe; 2% risk of failure)
Confirm with . or Enter, or press ? or * to list all spells.
Flames lash the centaur.
The centaur shouts!
The centaur is heavily wounded.
The centaur's fire resistance burns away.
The centaur wields a +0 shortbow.
The centaur shoots an arrow.
The arrow hits you!
Casting: Scorch (safe; 3% risk of failure)
Confirm with . or Enter, or press ? or * to list all spells.
Flames lash the centaur.
The centaur is burned terribly!
The centaur is almost dead.
The centaur shoots an arrow.
The arrow hits you!
The centaur shoots an arrow.
The arrow hits you!
* * * LOW HITPOINT WARNING * * *
Casting: Scorch (safe; 3% risk of failure)
Confirm with . or Enter, or press ? or * to list all spells.
You don't have enough health to cast this spell.
It was a potion of curing.
You feel better.
The centaur shoots an arrow.
The arrow hits you!
* * * LOW HITPOINT WARNING * * *
It was a potion of mutation.
You feel extremely strange.
Your thoughts seem clearer.
You feel yourself wasting away.
Large bone plates grow over parts of your arms.
The centaur shoots an arrow.
The arrow closely misses you.
It was a potion of cancellation.
You feel magically purged.
The centaur shoots an arrow.
The arrow hits you!
You die...

#.#.#.<.##.....###
##.###........
#.#.#...##.....#
#.# ###...... #
#.############ #.#
#...... .. #.#
#..###. . ######.#
#..# #. #......#
#..###. #.######
##.....÷ #.#
#####....... #@#
###......[.... #.#
#.........###.
....c.c.#
#.#.##.#..# #.
#########
#.#.......###.
#.#.#..#......
#.#.#..#......
#.............
####........##.
#......###.###.


You could see a centaur (combustible).

Vanquished Creatures
  A necrophage (D:3)
  3 adders
  A gnoll (D:1)
  3 worms
  A dart slug (D:1)
  An orc (D:3)
  4 ball pythons
  3 endoplasms
  2 giant cockroaches
  A hobgoblin (D:2)
  3 jackals (D:3)
  2 quokkas
  3 bats
  3 frilled lizards (D:3)
  2 kobolds
  7 rats
40 creatures vanquished.

Vanquished Creatures (others)
  96 foxfires
96 creatures vanquished.

Grand Total: 136 creatures vanquished

Notes
Turn   | Place    | Note
-------+----------+-------------------------------------------
     0 | D:1      | themarg the Djinni Fire Elementalist began the quest for
                  | the Orb.
     0 | D:1      | themarg set off with the following spells memorised:
                  | Foxfire, Scorch, Kindle Blastsparks, Inner Flame, Flame
                  | Wave.
     0 | D:1      | Reached XP level 1. HP: 15/15 MP: 0/0
   144 | D:1      | Reached XP level 2. HP: 18/21 MP: 0/0
   758 | D:1      | Found a faded altar of an unknown god.
   961 | D:1      | Reached skill level 3 in Spellcasting
  1220 | D:2      | Reached XP level 3. HP: 19/25 MP: 0/0
  1220 | D:2      | Learned a level 1 spell: Slow
  1364 | D:2      | Found Kufasus's Armour Boutique.
  1575 | D:2      | Reached XP level 4. HP: 28/31 MP: 0/0
  1856 | D:3      | Noticed a necrophage
  1866 | D:3      | Killed a necrophage
  1867 | D:3      | Reached skill level 4 in Spellcasting
  1867 | D:3      | Reached XP level 5. HP: 28/35 MP: 0/0
  1867 | D:3      | Learned a level 2 spell: Passwall
  2473 | D:3      | Noticed a centaur
  2475 | D:3      | HP: 1/35 [centaur/arrow (10)]
  2478 | D:3      | Gained mutation: You possess an exceptional clarity of
                  | mind. [potion of mutation]
  2478 | D:3      | Gained mutation: Your body sometimes deteriorates upon
                  | taking damage. [potion of mutation]
  2478 | D:3      | Gained mutation: You are partially covered in large bone
                  | plates. (SH +4) [potion of mutation]
  2479 | D:3      | Shot with an arrow by a centaur

Illustrated notes

Levels and vault maps discovered:
D:1:      dpeg_arrival_snail, layout_basic,
          hellmonk_ecumenical_altar_inner_sanctum
D:2:      layout_rooms, serial_shops, nicolae_shop_statue_plus,
          kennysheep_donut, minmay_tetromino_i4
D:3:      layout_loops_cross, trog_wizard, kennysheep_boxes

Skill      XL: |  1  2  3  4 |
---------------+-------------+-----
Spellcasting   | 3 4 |  4.2
Stealth        | 2 |  2.1
Short Blades   | |  0.1
Dodging        | |  2.3

Action                   |  1- 3 |  4- 6 || total
-------------------------+-------+-------++-------
Melee: Dagger            |     9 |     1 ||    10
 Cast: Foxfire           |    34 |    29 ||    63
       Scorch            |     1 |     7 ||     8
       Slow              |       |     2 ||     2
  Use: Potion            |       |     3 ||     3
Armor: Robe              |     4 |       ||     4
Dodge: Dodged            |    19 |     1 ||    20

Table legend: (Time is in decaauts)
 A = Elapsed time spent in this place.
 B = Non-inter-level travel time spent in this place.
 C = Inter-level travel time spent in this place.
 D = Time resting spent in this place.
 E = Time spent auto-exploring this place.
 F = Levels seen in this place.
 G = Mean time per level.
                   A        B        C        D        E       F      G
               +--------+--------+--------+--------+--------+-----+--------+
         Total |   2477 |   2382 |     95 |    669 |   1381 |   3 |  825.7 |
       Dungeon |   2477 |   2382 |     95 |    669 |   1381 |   3 |  825.7 |
               +--------+--------+--------+--------+--------+-----+--------+

Top non-repeatable levels by time:
     D:1: 1211 daAuts
     D:3: 642 daAuts
     D:2: 622 daAuts
